[Event "45th FIDE Olympiad 2024"]
[Site "Budapest"]
[Date "2024.09.12"]
[Round "2.107"]
[White "Livaic, Leon"]
[Black "Orozbaev, Eldiyar"]
[Result "1/2-1/2"]
[ECO "A07"]
[WhiteElo "2550"]
[BlackElo "2376"]
[Annotator "TA"]
[PlyCount "120"]
[EventDate "2024.09.05"]
[EventType "team-tourn"]
[EventCountry "HUN"]
[SourceTitle "playchess.com"]
[Source "ChessBase"]
[SourceQuality "1"]
[WhiteTeam "Croatia"]
[BlackTeam "Kyrgyzstan"]
[WhiteTeamCountry "CRO"]
[BlackTeamCountry "KGZ"]
[TimeControl "40/5400+30:1800+30"]

1. Nf3 d5 2. g3 Bg4 3. Bg2 e6 4. h3 Bh5 5. c4 c6 6. O-O Nf6 7. d4 Nbd7 8. cxd5 exd5 9. Ne5 Nxe5 10. dxe5 Nd7 11. Nc3 Nxe5 (11... Qe7 $5) 12. g4 Bg6 13. f4 $1 {[%mdl 1024] White has compensation.} Bc5+ 14. e3 $1 Nc4 {[%cal Of7f6] aiming for ...f6!} 15. f5 $1 Qe7 16. Kh1 $1 O-O-O 17. e4 (17. Qc2 $1 $14) 17... d4 $1 $11 (17... dxe4 $2 18. Qc2 $18 (18. Qe2 Nd6 $18)) 18. Na4 Ne3 $36 {[%mdl 2048] White is under pressure.} 19. Bxe3 dxe3 20. Qf3 {[%cal Oa4c5] Hoping for Nxc5!} Bd4 21. Nc3 f6 22. fxg6 hxg6 23. Rae1 ({White should play} 23. Nd1 $16) 23... Bb6 $14 24. Rxe3 Bxe3 25. Qxe3 Kb8 26. Ne2 Qb4 27. b3 g5 {Inhibits Nf4.} 28. Ng3 Qd2 29. Qxd2 Rxd2 30. e5 Rxa2 (30... fxe5 $15 31. a4 Rhd8) 31. exf6 $11 gxf6 32. Rxf6 Rb2 33. Rf3 Re8 {Inhibits Ne4.} 34. Ne4 Rg8 (34... Rxe4 35. Rf8+ Kc7 36. Bxe4 $18) (34... Rb1+ 35. Kh2 Rg8 36. Bf1 $16) 35. Kh2 a5 36. Kg3 Kc7 37. Nc5 ({White should try} 37. Rc3 $14) 37... b6 (37... Rc2 $11 38. Rf7+ Kb6) 38. Na4 (38. Rf7+ $14 Kd6 (38... Kc8 $2 39. Ra7 $18) 39. Ne4+ Ke6 40. Rf3) 38... Rb1 (38... Rc2 $1 $11) 39. Nc3 (39. Rc3 $1 $16 c5 40. Rf3) 39... Re1 (39... Rxb3 $2 {perishes.} 40. Nd5+ cxd5 41. Rxb3 $18) 40. Rf7+ Kd6 41. Rf6+ Re6 {[#]} 42. Rxe6+ (42. Ne4+ $1 $16 Ke7 43. Rf5) 42... Kxe6 43. Bxc6 {Threatens to win with Bd5+.} Ke5 {White must now prevent ...Rc8.} 44. Bb5 Rh8 45. Bc4 Kd4 46. Nb5+ Kc5 47. Nc3 Rh6 (47... Kd4 $11 {remains equal.} 48. Na4 Rb8) 48. Ne4+ $16 Kd4 $1 49. Nxg5 a4 $1 {[#]} 50. bxa4 Kxc4 $18 {[%mdl 4096] Endgame. KR-KN. The position is equal.} 51. h4 Kd5 52. h5 Rc6 53. Kf4 {Kf5 is the strong threat.} Rf6+ 54. Ke3 Rf8 55. Nf3 Ra8 56. g5 Ke6 57. Nd4+ Kf7 58. Ke4 Rxa4 59. Kd5 Ra5+ 60. Kc6 Rxg5 {Weighted Error Value: White=0.20 (precise) /Black=0.14 (very precise) .  Missed win:     	White=1     	---        Mistake:       	White=7     	Black=5      Inaccurate:     	White=4     	Black=5      OK:         	White=17    	Black=20     Best:        	White=2     	Black=2      Strong:       	White=4     	Black=3} 1/2-1/2

[Event "45th FIDE Olympiad 2024"]
[Site "Budapest"]
[Date "2024.09.12"]
[Round "2.108"]
[White "Abdyzhapar, Asylbek"]
[Black "Stevic, Hrvoje"]
[Result "0-1"]
[ECO "D17"]
[WhiteElo "2357"]
[BlackElo "2531"]
[Annotator "TA"]
[PlyCount "166"]
[EventDate "2024.09.05"]
[EventType "team-tourn"]
[EventCountry "HUN"]
[SourceTitle "playchess.com"]
[Source "ChessBase"]
[SourceQuality "1"]
[WhiteTeam "Kyrgyzstan"]
[BlackTeam "Croatia"]
[WhiteTeamCountry "KGZ"]
[BlackTeamCountry "CRO"]
[TimeControl "40/5400+30:1800+30"]

1. d4 d5 2. c4 c6 3. Nf3 Nf6 4. Nc3 dxc4 5. a4 Bf5 6. Ne5 Nbd7 7. Nxc4 Nb6 8. Ne5 a5 9. e3 Nbd7 10. Bd3 Bxd3 11. Nxd3 {The position is equal.} Qb6 12. O-O e6 13. Bd2 Be7 14. Rb1 O-O 15. b4 axb4 (15... Bxb4 16. Na2 $14) 16. Nxb4 Bxb4 17. Na2 c5 18. dxc5 Nxc5 19. Bxb4 Rfc8 (19... Rxa4 $2 20. Bxc5 Qxc5 21. Qxa4 $18) 20. Nc3 Qa6 21. Nb5 Nxa4 {Excellent horsemanship.} 22. Bd6 ({White should try} 22. Qe2 $15) 22... Ne8 (22... Rd8 $17 {Hoping for ...Ne8.} 23. Qf3 Rxd6 24. Nxd6 Qxd6 25. Qxb7 Rf8) 23. Be7 Nc3 24. Nxc3 Rxc3 25. Qd4 {Dodges b5} Rc4 26. Qb2 Rb8 (26... Rc7 27. Ra1 Rxe7 28. Rxa6 bxa6 29. Ra1 $11) 27. Qe5 Rbc8 28. h3 h6 29. Rfd1 Qc6 30. Qb2 Rc7 31. Ba3 Nf6 32. Bd6 Rd7 (32... Rc2 {simplifies} 33. Qb5 Rd7 34. Qxc6 bxc6 35. Be5 Rxd1+ 36. Rxd1 Nd5) 33. Be5 Rc2 34. Qa3 Ne4 ({Black should play} 34... Kh7 $17 35. Bxf6 gxf6) 35. Qa8+ $11 Kh7 {The board is on fire.} 36. Rxd7 Qxd7 37. Qxb7 Qxb7 38. Rxb7 {[%mdl 4096] Endgame. KRB-KRN} f6 (38... Nxf2 $2 39. Rxf7 Kg6 40. Rxf2 $18) 39. Bg3 (39. f3 $2 Nc5 40. Rc7 fxe5 $19) 39... e5 40. h4 (40. Bh4 $11) 40... Re2 $15 41. Rb3 Kg6 {Black is more active.} 42. Ra3 h5 43. Kf1 Rb2 {...Rb1+ is the strong threat.} 44. Ra7 $1 Rb1+ 45. Ke2 Rg1 46. Kf3 Kf5 {And now ...Re1 would win.} 47. Rxg7 Re1 48. Bh2 Nd2+ 49. Kg3 Rh1 {Threatens to win with ...Ke4.} 50. f3 Nf1+ 51. Kf2 Nxh2 {KRN-KR} 52. e4+ $1 Ke6 53. Rh7 Ra1 54. Rxh5 Nf1 55. Rh8 Nd2 56. h5 Nc4 57. h6 $2 {[#] Black converts the advantage convincingly.} (57. Kg3 $15) 57... Nd6 $1 $19 58. g4 $2 (58. h7 Rh1 59. Kg3) 58... Nf7 59. Re8+ Kd7 60. Rb8 {[#]} Rh1 $1 (60... Nxh6 61. Rb7+ Ke8 62. Rb6 $17) 61. Rb7+ Ke6 62. Rb6+ Nd6 63. Kg3 Rxh6 64. f4 $2 (64. Kg2) 64... exf4+ 65. Kxf4 Rh1 66. Ra6 Rf1+ 67. Ke3 Rc1 68. Kf4 Rc5 69. Rb6 Re5 70. Kf3 Ke7 ({Stronger than} 70... Rxe4 71. Rxd6+ Kxd6 72. Kxe4 $11) 71. Rb4 Kf7 72. Rd4 Ne8 73. Rd7+ Kg6 74. Rd8 Ng7 75. Rg8 Kf7 76. Ra8 Ne6 77. Ra4 Kg6 78. Rb4 Nc5 79. Rb5 Ne6 ({Weaker is} 79... Nxe4 80. Rxe5 Ng5+ (80... fxe5 81. Kxe4 Kg5 82. Kxe5 $11) 81. Rxg5+ Kxg5 82. Kg3 $11) 80. Rb4 $1 Ra5 {Prevents Ra4. Black is clearly winning.} 81. Rb6 Ng5+ 82. Ke3 Ra3+ 83. Kd4 Ra4+ {Weighted Error Value: White=0.18 (very precise) /Black=0.07 (flawless) .  Loses game:     	White=1     	---        Mistake:       	White=4     	Black=2      Inaccurate:     	White=4     	Black=2      OK:         	White=13    	Black=25     Best:        	White=11    	Black=5      Strong:       	White=2     	Black=2} 0-1

[Event "45th FIDE Olympiad 2024"]
[Site "Budapest"]
[Date "2024.09.12"]
[Round "2.109"]
[White "Saraci, Nderim"]
[Black "Vocaturo, Daniele"]
[Result "1/2-1/2"]
[ECO "B45"]
[WhiteElo "2446"]
[BlackElo "2600"]
[Annotator "TA"]
[PlyCount "60"]
[EventDate "2024.09.05"]
[EventType "team-tourn"]
[EventCountry "HUN"]
[SourceTitle "playchess.com"]
[Source "ChessBase"]
[SourceQuality "1"]
[WhiteTeam "Kosovo"]
[BlackTeam "Italy"]
[WhiteTeamCountry "KOS"]
[BlackTeamCountry "ITA"]
[TimeControl "40/5400+30:1800+30"]

1. e4 c5 2. Nf3 e6 3. d4 cxd4 4. Nxd4 Nf6 5. Nc3 Nc6 6. Ndb5 Bc5 7. Bf4 {[#] And now Nc7+ would win.} O-O 8. Bc7 Qe7 {...d5 is the strong threat.} 9. Bd6 $1 Bxd6 10. Qxd6 Qd8 11. Qc7 (11. Nc7 $14 Rb8 12. Be2) 11... d5 $11 12. exd5 exd5 {Strongly threatening ...Qe8+.} 13. O-O-O d4 {Hoping for ...a6.} 14. Bc4 (14. Ne2 $11 {keeps the balance.}) 14... a6 $17 15. Qxd8 ({Don't go for} 15. Rxd4 $2 Nxd4 16. Bxf7+ Kh8 17. Qxd8 Rxd8 $19) 15... Rxd8 16. Nc7 {[%cal Bb5c7,Bc7d5,Bd5b6,Bb6c4,Bc4d2,Bd2e4,Be4g3,Bg3e4,Be4c3][%mdl 32] [#]} Rb8 ({Black should play} 16... Ra7 $1 $17 17. N3d5 b5) 17. N3d5 $15 Nxd5 18. Nxd5 Bg4 (18... b5 $5 19. Bb3 $8 a5 $15 (19... Be6 20. Nf4 $11)) 19. f3 $1 Be6 20. Nb6 Bxc4 21. Nxc4 b5 22. Nd2 Rbc8 23. a3 {Dodges Nb4} a5 24. Kb1 a4 25. Ne4 Ne5 26. Ng3 d3 {Inhibits Ne2.} 27. cxd3 Nxd3 28. Ne4 f6 (28... Rb8 $11 {is more appropriate.}) 29. Nc3 $14 b4 30. axb4 a3 {Weighted Error Value: White=0.12 (very precise) /Black=0.09 (flawless) .  Mistake:       	White=2     	Black=2      Inaccurate:     	---       	Black=1      OK:         	White=12    	Black=8      Best:        	White=1     	Black=1      Strong:       	White=2     	---} 1/2-1/2

[Event "45th FIDE Olympiad 2024"]
[Site "Budapest"]
[Date "2024.09.12"]
[Round "2.110"]
[White "Moroni, Luca Jr"]
[Black "Ondozi, Murtez"]
[Result "1-0"]
[ECO "D55"]
[WhiteElo "2558"]
[BlackElo "2371"]
[Annotator "TA"]
[PlyCount "157"]
[EventDate "2024.09.05"]
[EventType "team-tourn"]
[EventCountry "HUN"]
[SourceTitle "playchess.com"]
[Source "ChessBase"]
[SourceQuality "1"]
[WhiteTeam "Italy"]
[BlackTeam "Kosovo"]
[WhiteTeamCountry "ITA"]
[BlackTeamCountry "KOS"]
[TimeControl "40/5400+30:1800+30"]

1. c4 c6 2. Nc3 d5 3. d4 Nf6 4. Nf3 e6 5. Bg5 Be7 6. e3 h6 7. Bf4 O-O 8. Rc1 {D55: Queen's Gambit Declined: 4 Bg5 Be7: Lines without ...h6 and 6...h6 7 Bxf6.} Nbd7 9. cxd5 exd5 10. h3 Re8 11. Bd3 Bb4 12. a3 $146 ({Predecessor:} 12. O-O Ne4 13. Bxe4 dxe4 14. Nd2 Nf6 15. Qc2 Bf5 16. Nc4 Bxc3 17. bxc3 Re6 18. Ne5 {1-0 Castillo Larenas,M-Tapia,A Vina del Mar 1945 (9)}) 12... Ba5 13. O-O Ne4 14. b4 Nxc3 15. Rxc3 Bc7 16. Bxc7 Qxc7 17. b5 c5 18. dxc5 Nxc5 19. Bb1 Qd6 20. Qd4 b6 21. Rd1 Bb7 22. e4 Rad8 23. e5 Qe7 24. Re3 g6 25. Qf4 Ne6 26. Qxh6 d4 27. Rb3 Bd5 28. Rb4 Bxf3 29. gxf3 Qf8 30. Qh4 Qg7 31. f4 g5 32. fxg5 Qxe5 33. Rb3 Kf8 34. g6 d3 35. Rbxd3 Rxd3 36. Bxd3 fxg6 37. Bxg6 Re7 38. Kh1 Rc7 39. Be4 Rf7 40. Bg6 Rc7 41. a4 Re7 $2 (41... Qc3 42. Bh5 Rh7 43. Rd5) 42. Rd3 Rc7 (42... Kg8 $142 43. Re3 (43. Qxe7 Qe1+ 44. Kh2 Qxf2+ 45. Kh1 Qf1+ 46. Kh2 Qf2+ 47. Kh1 Qe1+ 48. Kh2 Qf2+ $11) 43... Qd5+ 44. Kh2 Ng5) 43. Rf3+ $18 Kg8 44. Rg3 Rg7 45. Qe4 Qa1+ (45... Qxe4+ $142 46. Bxe4 Nf4) 46. Kh2 $18 Qf6 47. Qf5 Qe7 (47... Qxf5 $142 48. Bxf5 Nf4) 48. Qe5 Nf8 49. Qd5+ Kh8 50. Qd4 Ne6 (50... Nd7 $142 51. Re3 Qf6 52. Re8+ Rg8) 51. Qe5 (51. Qd2 $142 Qh4 52. Rg4) 51... Nf8 $18 52. Qc3 Qc7 53. Be4 Qxc3 54. Rxc3 Re7 55. Bd5 Rd7 56. Bf3 Ng6 57. Be4 Ne5 58. f3 Kg7 59. Kg3 Kf6 60. f4 Nf7 61. Rc6+ Ke7 62. h4 Rd4 63. Bc2 Nd8 64. Rc7+ Kd6 65. Rxa7 Rc4 66. Bf5 Ne6 67. Bxe6 Kxe6 68. Kg4 Rc1 69. Rb7 Rg1+ 70. Kf3 Ra1 71. Rxb6+ Kf5 72. Ra6 Ra3+ 73. Ke2 Kxf4 74. Kd2 Ke4 75. Kc2 Rh3 76. Rc6 (76. b6 $142 Rh2+ 77. Kc3 Rh3+ 78. Kc4 Rh1 79. b7 Rb1 80. Ra7 Kf4 81. a5) 76... Kd5 77. Rc3 Rxh4 78. Kb3 Kd6 79. Rc4 1-0

[Event "45th FIDE Olympiad 2024"]
[Site "Budapest"]
[Date "2024.09.12"]
[Round "2.111"]
[White "Uruci, Endrit"]
[Black "Sonis, Francesco"]
[Result "1-0"]
[ECO "B51"]
[WhiteElo "2348"]
[BlackElo "2554"]
[Annotator "TA"]
[PlyCount "88"]
[EventDate "2024.09.05"]
[EventType "team-tourn"]
[EventCountry "HUN"]
[SourceTitle "playchess.com"]
[Source "ChessBase"]
[SourceQuality "1"]
[WhiteTeam "Kosovo"]
[BlackTeam "Italy"]
[WhiteTeamCountry "KOS"]
[BlackTeamCountry "ITA"]
[TimeControl "40/5400+30:1800+30"]

1. e4 c5 2. Nf3 d6 3. Bb5+ Nd7 4. d4 cxd4 5. Qxd4 a6 6. Bxd7+ Bxd7 7. Bg5 Bc6 (7... Rc8 $5) 8. Nc3 h6 9. Bh4 {The position is equal.} Nf6 10. O-O-O e5 11. Qd3 g5 12. Bg3 b5 13. a3 Qb8 14. Rhe1 Be7 15. Nd5 Bxd5 16. exd5 {[%cal Rf3e5] aiming for Nxe5!} Nd7 17. Qf5 Qc8 18. Nd4 {White has more active pieces.} Nc5 $2 {[%mdl 8192] [#] This costs Black the game.} (18... Kf8 $14) 19. Bxe5 $1 $18 O-O (19... Qxf5 20. Nxf5 dxe5 21. Rxe5 $18) 20. Qxc8 Raxc8 21. Nf5 Rfe8 22. Bd4 (22. Nxd6 Bxd6 23. Bxd6 Rxe1 (23... Nd3+ 24. Rxd3 Rxe1+ 25. Kd2 $15) 24. Rxe1 Nd3+ 25. Kd1 Nxe1 26. Kxe1 Rxc2 $19) (22. Nxh6+ Kh7) 22... Bf8 23. Rxe8 Rxe8 24. Bxc5 dxc5 {[%mdl 4096] Endgame. KRB-KRN} 25. d6 Rd8 26. Rd5 Kh7 (26... f6 {was called for.} 27. g3 (27. Rxc5 Bxd6 28. Rc6 Bxh2 $18) 27... Kf7 28. Rxc5 h5) 27. Kd2 (27. Rxc5 Bxd6 28. Nxd6 Rxd6 $11) 27... Kg6 28. Kd3 (28. Rxc5 Bxd6 29. Nxd6 Rxd6+ 30. Ke3 Re6+ 31. Kd3 Rf6 $16) 28... Kf6 (28... h5 {was necessary.} 29. c4 (29. Rxc5 Bxd6 30. Rd5 Bc7 $18) 29... Kf6 30. cxb5 (30. Rxc5 Bxd6 31. Nxd6 Rxd6+ 32. Kc2 bxc4 $16) 30... axb5) 29. Rxc5 Bxd6 30. Rd5 Bc7 31. Rxd8 Bxd8 32. Nxh6 {KB-KN} Kg6 33. Ng4 f5 34. Ne5+ {White is clearly winning.} Kf6 35. Nd7+ Ke7 36. Nc5 a5 37. Kd4 Bc7 38. h3 Kd6 39. b4 axb4 40. axb4 Bb6 41. g3 Kc6 42. h4 gxh4 43. gxh4 Bd8 44. h5 {Ke5 is the strong threat.} Bf6+ {Weighted Error Value: White=0.14 (very precise) /Black=0.43.  Loses game:     	---       	Black=1      Mistake:       	---       	Black=2      Inaccurate:     	White=1     	Black=3      OK:         	White=17    	Black=12     Best:        	White=1     	---        Brilliant:      	White=1     	---} 1-0

[Event "45th FIDE Olympiad 2024"]
[Site "Budapest"]
[Date "2024.09.12"]
[Round "2.112"]
[White "Brunello, Sabino"]
[Black "Asllani, Muhamet"]
[Result "1-0"]
[ECO "D37"]
[WhiteElo "2511"]
[BlackElo "2191"]
[Annotator "TA"]
[PlyCount "83"]
[EventDate "2024.09.05"]
[EventType "team-tourn"]
[EventCountry "HUN"]
[SourceTitle "playchess.com"]
[Source "ChessBase"]
[SourceQuality "1"]
[WhiteTeam "Italy"]
[BlackTeam "Kosovo"]
[WhiteTeamCountry "ITA"]
[BlackTeamCountry "KOS"]
[TimeControl "40/5400+30:1800+30"]

1. d4 Nf6 2. c4 e6 3. Nf3 d5 4. Nc3 Be7 5. Bf4 O-O 6. e3 c5 7. Rc1 cxd4 8. Nxd4 a6 9. a3 Nc6 {The position is equal.} 10. cxd5 exd5 11. Be2 Nxd4 12. Qxd4 Be6 13. O-O Rc8 14. Rfd1 Qa5 15. h3 h6 16. Qa7 Ne4 {[#]} 17. Be5 $1 Bd6 18. Bd4 Nxc3 (18... Bc5 $1 $14 19. Bxc5 (19. Qxb7 Bxd4 20. Rxd4 Nxc3 $11) 19... Rxc5) 19. Bxc3 $16 Qc7 20. Qd4 f6 21. Bg4 f5 22. Bf3 Rfd8 23. g3 (23. Bxd5 $2 {loses.} Bh2+ 24. Kh1 Rxd5 $19 (24... Bxd5 $2 25. Qxg7+ Qxg7 26. Bxg7 $19)) 23... Bf8 24. Kg2 Qf7 25. h4 (25. Ba5 {simplifies} Re8 26. Rxc8 Rxc8 27. Qxd5 Bxd5 28. Bxd5 Qxd5+ 29. Rxd5 Rc5 30. Rxc5 Bxc5 31. Bc3) 25... Be7 26. Qb6 (26. Bh5 $142 Qf8 27. Qb6) 26... Bc5 27. Qa5 f4 $1 28. exf4 {Strongly threatening Be5.} Qf5 {[#]} 29. Rh1 {Against Qh3+. Active counter play!} d4 30. Bb4 Bd5 $2 {[%mdl 8192] Black cannot hold the game after this.} 31. Rxc5 $18 {White is clearly winning.} ({Not} 31. Bxc5 Bxf3+ 32. Kxf3 Qd5+ 33. Kg4 Qe6+ 34. f5 h5+ 35. Kh3 (35. Kxh5 $2 Qxf5#) 35... Qxf5+ 36. Kg2 Rd5 $16) 31... Bxf3+ 32. Kxf3 Qd3+ 33. Kg2 Qe4+ 34. Kh2 Qe2 35. Rxc8 Qxf2+ 36. Kh3 Rxc8 37. Qd5+ Kh8 38. Re1 b6 39. Qd7 Qc2 40. Qxd4 {[%cal Od4d7] Hoping for Qd7!} Qf5+ 41. g4 Qf7 42. h5 {Weighted Error Value: White=0.14 (very precise) /Black=0.13 (very precise) .  Loses game:     	---       	Black=1      Mistake:       	White=1     	Black=1      Inaccurate:     	White=1     	Black=4      OK:         	White=13    	Black=8      Best:        	White=2     	Black=1      Strong:       	White=1     	Black=1} 1-0

[Event "45th FIDE Olympiad 2024"]
[Site "Budapest"]
[Date "2024.09.12"]
[Round "2.113"]
[White "Stremavicius, Titas"]
[Black "Atabayev, Saparmyrat"]
[Result "1/2-1/2"]
[ECO "D02"]
[WhiteElo "2527"]
[BlackElo "2516"]
[Annotator "TA"]
[PlyCount "237"]
[EventDate "2024.09.05"]
[EventType "team-tourn"]
[EventCountry "HUN"]
[SourceTitle "playchess.com"]
[Source "ChessBase"]
[SourceQuality "1"]
[WhiteTeam "Lithuania"]
[BlackTeam "Turkmenistan"]
[WhiteTeamCountry "LTU"]
[BlackTeamCountry "TKM"]
[TimeControl "40/5400+30:1800+30"]

1. Nf3 d5 2. g3 Nf6 3. Bg2 Bg4 4. d4 Nbd7 5. c4 c6 6. h3 Bxf3 7. Bxf3 dxc4 8. Nd2 Nb6 9. e3 e5 10. dxe5 Nfd7 11. e6 fxe6 12. Qc2 (12. O-O $11) 12... Ne5 13. Be4 Qf6 14. O-O Bc5 15. Kg2 (15. Bxh7 $2 Qh6 $19) 15... O-O-O 16. Rb1 Bb4 17. a3 Bxd2 18. Bxd2 Nd3 19. Bc3 {Against Qe5} e5 20. Ba5 {A strong pair of Bishops.} Nc5 21. Bb4 Nxe4 22. Qxe4 Qe6 23. Rbc1 Qd5 24. Qf3 Na4 25. e4 Qe6 26. Qe2 (26. Rc2 $142) 26... Rd3 (26... Rd4 $1 $17 27. Bc3 Nxc3 28. Rxc3 Rhd8) 27. b3 $1 $15 Rxb3 28. Rxc4 Rd8 $36 {[%mdl 2048] Black has good play.} 29. Rfc1 Kb8 (29... Qf7 $15) 30. Qc2 (30. Rd1 $1 $11 Rxd1 31. Qxd1) 30... Rdd3 31. Rd1 {[#]} (31. Be1 $15 Nb6 32. Rc3 Rdxc3 33. Bxc3) 31... Rxg3+ $3 $19 32. fxg3 Rb2 33. Rd2 (33. Rd8+ $142 Kc7 34. Ba5+ b6 35. Rd2 (35. Bxb6+ $2 axb6 36. Rd2 Rxc2 $19) 35... Rxc2 36. Rdxc2) 33... Rxc2 34. Rcxc2 Qg6 35. Kh2 Qxe4 36. Bd6+ Kc8 37. Re2 Qg6 38. Bxe5 Nb6 39. Rf2 Nd7 {Wards off Rf8+} 40. Bb2 Kc7 41. Rce2 Kd8 {Repels Re7} 42. Rd2 Kc7 43. Rde2 $1 Kb6 44. Re7 Qd6 45. Rxg7 {[#]} (45. Ree2 $142) 45... Nc5 $1 $17 46. Rg4 {Prevents Ne4} (46. Rg2 $17) 46... Nd3 47. Rd4 Qc5 48. Re2 Nxb2 49. Rxb2+ {[%mdl 4096] Endgame. KQ-KRR} Kc7 50. Rf4 (50. Rh4 $17 h5 (50... Qxa3 51. Rxh7+ Kd6 52. Rhxb7 $18) 51. a4) 50... b5 $1 $19 51. a4 (51. Rf3 {was worth a try.}) 51... Qc3 52. Rfb4 a6 (52... a5 $142 53. R4b3 Qc1 54. axb5 a4) 53. R4b3 Qe1 54. axb5 axb5 55. Rc2 $2 (55. g4 $17) 55... b4 56. Rf3 Qe4 57. Rcf2 Kb6 58. Rf4 Qe1 59. h4 (59. Rf1 {was necessary.} Qc3 60. R1f3 Qc2+ 61. Rf2) 59... c5 60. Rf7 $2 (60. Rf1 Qe5 61. Rf6+ Kb5 62. R6f5) 60... Kb5 (60... c4 61. R2f5 Qd2+ 62. Rf2 $19) (60... b3 $142 61. R2f6+ Ka5 62. Rxh7 Qe2+ 63. Kh3 Qb5) 61. R2f4 $2 (61. Rf1 {was forced.} Qd2+ 62. R1f2) 61... Qe2+ (61... c4 $142 62. Rf1 Qxf1 63. Rxf1 b3) 62. Rf2 Qe4 63. R7f4 $2 (63. R2f4 {is the only way for White.} Qc2+ 64. Rf2) 63... Qe1 64. Rf1 Qe6 65. Rf6 Qa2+ (65... Qd5 66. Rf8 $19) 66. R1f2 Qa3 67. Rf8 (67. Rf7 $142) 67... Qd3 (67... b3 $142 68. Rb8+ Kc4) 68. R2f3 Qd6 69. R3f6 Qd5 {White must now prevent ...b3.} 70. Rf5 Qa2+ 71. Rf2 Qa5 72. Rb8+ Kc4 73. Rf4+ $2 (73. Rb7) 73... Kb3 74. Rf3+ Ka4 75. Rf7 (75. Rff8 $142 Qc7 76. Ra8+ Kb5 77. Rab8+ Ka6 78. Rbc8) 75... c4 76. Rxh7 c3 77. Rc8 {Prevents Qc5} Kb3 78. Rhc7 Qd5 79. Rc5 Qd2+ 80. Kh3 Qd7+ $2 (80... c2 {[%cal Od2c3] Hoping for ...Qc3!} 81. Kg4 Qc3 82. Rxc3+ bxc3) 81. Kg2 $2 (81. g4 Qd3+ 82. Kg2) 81... Qd2+ $2 (81... Kc2 $19 {Strongly threatening ...Qd2+.} 82. h5 Kd1) 82. Kf3 $2 (82. Kh3 $1 $11) 82... Qd3+ 83. Kf4 (83. Kg2 $142 Qd2+ 84. Kf3) 83... Qd2+ 84. Kf3 Kc2 85. h5 Kd1 {And now ...b3 would win.} 86. Ke4 Ke2 87. g4 Qe3+ 88. Kf5 Qd3+ (88... Kd2 $142 {...b3 would now be deadly.} 89. Kf6 Qf4+ 90. Ke7 Qe4+ (90... Qxg4 $2 91. R8c6 $19) 91. Kd6 Qf4+ (91... Qxg4 $2 92. R8c6 $19) 92. Kd5 b3 (92... Qxg4 $2 93. h6 $19) 93. Rxc3 Qxg4) 89. Kg5 $2 (89. Ke5 {was the only chance.} Qd7 90. h6 (90. g5 $2 b3 $19)) 89... Qe3+ 90. Kf5 $1 {Re5 would kill now.} Kf3 $2 (90... Kd2 $19 {Threatens to win with ...b3.} 91. Kf6 Qf4+ 92. Ke7 Qxg4 (92... Qe4+ $2 93. Kd6 $19)) 91. Rc4 Qd3+ {[%mdl 1024] Black has compensation.} (91... c2 $5 92. Rxc2 Qf4+ 93. Kg6 Qxg4+ 94. Kf6 Qf4+ (94... Qxh5 95. R2c5 $17) 95. Kg6 b3 96. R2c3+ Kf2 $17 (96... Kg4 97. R8c4)) 92. Kg5 Qd5+ 93. Kf6 Qd6+ 94. Kg7 Qd7+ 95. Kf6 Qd6+ 96. Kg7 Qe7+ 97. Kg6 Qe6+ 98. Kg7 {[%cal Oh5h6] [#]} c2 99. Rxc2 Qxg4+ 100. Kh6 Qe6+ 101. Kg5 Qd5+ 102. Kg6 Qd6+ 103. Kg5 Qf4+ 104. Kg6 b3 105. R2c3+ $1 Kf2 ({Weaker is} 105... Kg4 106. R8c4 (106. Rxb3 Qf5+ 107. Kg7 Qxc8 108. Rb4+ Kxh5 109. Rb5+ Kg4 110. Rb4+ Kf5 111. Rb5+ Ke6 112. Rg5 Qe8 113. Rg6+ Kf5 114. Rf6+ Kg5 115. Rf7 Qd8 116. Rf1 Qd4+ 117. Kf8 Kg6 118. Ke7 Qe4+ 119. Kd7 Qd3+ 120. Ke6 Qxf1 121. Kd5 Qd3+ 122. Kc6 Qc4+ 123. Kb7 Kf6 124. Kb6 Ke7 125. Ka5 Kd6 126. Kb6 Qb4+ 127. Ka6 Kc7 128. Ka7 Qb7#) 106... b2 107. Rxf4+ Kxf4 108. Rb3 Ke5 109. h6 (109. Rxb2 Kd4 110. h6 Kc3 111. Rg2 Kd4 112. h7 Ke4 113. h8=Q Kf3 114. Qh3+ Ke4 115. Rd2 Kf4 116. Rd4+ Ke5 117. Qe3#) 109... Kd4 110. h7 (110. Rxb2 Kc3 111. Rb7 Kd2 112. h7 Kd3 113. Rd7+ Ke2 114. h8=Q Kf2 115. Qc3 Kf1 116. Qc2 Kg1 117. Rd1#)) 106. h6 $1 {Active counter play!} Qg4+ 107. Kf6 Qh5 108. Kg7 Qg5+ 109. Kh7 Qf5+ 110. Kg7 {[%cal Oc8f8] White threatens Rf8! and mate. Chess con chili.} Qe5+ 111. Kg8 b2 112. Rc2+ $1 Kg1 113. Rc1+ {The position is equal.} bxc1=Q 114. Rxc1+ $11 {KQ-KR} Kg2 115. h7 $1 Qg5+ 116. Kf7 Qh6 117. Rh1 Kxh1 118. Kg8 Qxh7+ 119. Kxh7 {Whites escaped into a draw.   Weighted Error Value: White=0.31/Black=0.18 (very precise) .  Loses game:     	White=2     	---        Missed win:     	---       	Black=1      Mistake:       	White=18    	Black=8      Inaccurate:     	White=6     	Black=8      OK:         	White=31    	Black=43     Best:        	White=16    	Black=7      Strong:       	White=7     	Black=1      Brilliant:      	---       	Black=1} 1/2-1/2